 Dungeon Crawl Stone Soup version 0.32-a0-136-gc02482bde3 (webtiles) character file.

Game seed: 1401974663904311340

12742 Asceticacid the Basher (level 11, -3/90 HPs)
             Began as a Gnoll Berserker on Feb 10, 2024.
             Was a Priest of Trog.
             Slain by an ancient zyme (6 damage)
             ... on level 1 of the Abyss.
             The game lasted 00:22:55 (13375 turns).

Asceticacid the Basher (Gnoll Berserker)           Turns: 13375, Time: 00:22:55

Health: -3/90      AC: 15    Str: 18    XL:     11   Next: 98%
Magic:  21/21      EV:  8    Int:  6    God:    Trog [***...]
Gold:   874        SH:  8    Dex: 15    Spells: 24/24 levels left

rFire   . . .        N - +1 hand axe (elec)
rCold   . . .        G - +2 buckler
rNeg    . . .        d - +0 plate armour
rPois   .            L - +2 hat
rElec   .            (no cloak)
rCorr   .            (no gloves)
SInv    .            (no boots)
Will    .....        O - amulet of faith Stlth
                     (no ring)
HPRegen 0.35/turn    (no ring)
MPRegen 0.17/turn

%: random rage (3%), faith
@: about to teleport
A: fangs 1, strong nose, distributed training, berserk 1
a: Renounce Religion, Berserk, Trog's Hand


You were on level 1 of the Abyss.
You worshipped Trog.
Trog was most pleased with you.
You visited 1 branch of the dungeon, and saw 11 of its levels.
You visited the Abyss 1 time.

You collected 963 gold pieces.
You spent 89 gold pieces at shops.

Inventory:

Hand Weapons
 u - a +2 short sword of venom
 v - a +0 lajatang
 E - a -2 hand cannon
 J - a +3 morningstar
 N - a +1 hand axe of electrocution (weapon)
Missiles
 o - 22 poisoned darts (quivered)
 M - a curare-tipped dart
Armour
 d - a +0 plate armour (worn)
 G - a +2 buckler (worn)
 L - a +2 hat (worn)
Jewellery
 a - a ring of ice
 g - a ring of fire
 q - a ring of fire
 O - an amulet of faith (around neck)
Wands
 r - a wand of charming (3)
 F - a wand of mindburst (3)
 H - a wand of iceblast (6)
 I - a wand of digging (5)
Scrolls
 b - a scroll of poison
 f - 2 scrolls of fear
 i - a scroll of teleportation
 j - a scroll of noise
 k - a scroll of amnesia
 n - a scroll of blinking
 p - 3 scrolls of vulnerability {unknown}
 s - a scroll of enchant armour {unknown}
 w - 2 scrolls of revelation {unknown}
 x - a scroll of torment {unknown}
 y - a scroll of identify
 z - a scroll of immolation {unknown}
 K - a scroll of brand weapon {unknown}
Potions
 c - 2 potions of curing
 e - 2 potions of enlightenment
 h - 2 potions of lignification
 l - a potion of magic
 t - 2 potions of resistance
 A - 3 potions of might
 B - a potion of cancellation
 C - a potion of berserk rage
 D - a potion of brilliance


   Skills:
 + Level 9.7 Fighting
 + Level 7.0 Short Blades
 + Level 7.0 Long Blades
 + Level 7.0 Axes
 + Level 9.7 Maces & Flails
 + Level 7.0 Polearms
 + Level 7.0 Staves
 + Level 7.0 Ranged Weapons
 + Level 7.0 Throwing
 + Level 8.5 Armour
 + Level 8.5 Dodging
 + Level 7.0 Stealth
 + Level 7.0 Shields
 + Level 7.0 Unarmed Combat
 + Level 7.0 Spellcasting
 + Level 5.8 Conjurations
 + Level 5.8 Hexes
 + Level 5.8 Summonings
 + Level 5.8 Necromancy
 + Level 5.8 Translocations
 + Level 5.8 Fire Magic
 + Level 5.8 Ice Magic
 + Level 5.8 Air Magic
 + Level 5.8 Earth Magic
 + Level 5.8 Alchemy
 + Level 7.7 Invocations
 + Level 7.0 Evocations
 + Level 6.4 Shapeshifting


You had 24 spell levels left.
You didn't know any spells.
Your spell library was empty.

Dungeon Overview and Level Annotations

Branches:
Dungeon (11/15)            Temple (0/1) D:4            Lair (0/5) D:9
    Orc (0/2) D:9

Altars:
Ashenzari
Gozag
Kikubaaqudgha
Makhleb
Okawaru
Ru
Trog
Uskayaw
Yredelemnul

Shops:
D:1 ?   D:7 *   D:9 *

Annotations:
D:5 3 runed translucent doors, Biggs's ghost, amateur TrFi
D:11 Erolcha


Innate Abilities, Weirdness & Mutations

You have very sharp teeth.
Your uncanny sense of smell can sniff out nearby items.
Your experience applies equally to all skills.
You sometimes lose your temper in combat.


Message History

You feel the effects of Trog's Hand fading.
The caustic shrike zombie claws you but does no damage.
You feel much better. The caustic shrike zombie claws you!
* * * LOW HITPOINT WARNING * * *
The caustic shrike zombie claws you!
* * * LOW HITPOINT WARNING * * *
A ynoxinul comes into view.
An ancient zyme comes into view.
The ynoxinul bellows!
The caustic shrike zombie attacks as it pursues you!
The caustic shrike zombie misses you.
You feel yourself growing ill in the presence of the ancient zyme.
The caustic shrike zombie claws you but does no damage.
As you read the scroll of teleportation, it crumbles to dust.
You feel strangely unstable.
You feel the power of the Abyss delaying your translocation!
You recover from your berserk rage.
Your skin stops crawling.
You feel less strong-willed. The caustic shrike zombie claws you.
* * * LOW HITPOINT WARNING * * *
The caustic shrike zombie barely misses you.
Found a gateway leading deeper into the Abyss.
A starcursed mass splits.
An ice devil comes into view.
The starcursed mass touches you but does no damage.
You feel much better.
You hit the starcursed mass.
Lightning courses through the starcursed mass!
You bite the starcursed mass, but do no damage.
The starcursed mass is almost destroyed.
You hit the ancient zyme but do no damage.
Lightning courses through the ancient zyme!
The starcursed mass shudders and withdraws towards its neighbour.
A chorus of shrieks assaults your mind.
* * * LOW HITPOINT WARNING * * *
The caustic shrike zombie claws you!!
* * * LOW HITPOINT WARNING * * *
The ancient zyme hits you but does no damage.
The ancient zyme hits you.
You die...

#.. ....#....# #.
. #.# .
.#.X##....##. #.
### ...X .......#
. #.#####.X.....#
.#.....#.....#.
.#...###X... . #
#..#..X#. ##
#..#..Zx.X#. .#
#...3..@§.#....
.....#§.##.#.....#
......... #.#..# .
...§4#..# .#.##..
..#. ##.# ... .##
# . .


You could see 3 starcursed masses, an ancient zyme, an ice devil, a ynoxinul and
a caustic shrike zombie.

Vanquished Creatures
  3 two-headed ogres
  Urug (D:11)
  A manticore (D:7)
  A gargoyle (D:11)
  2 kobold demonologists
  An unseen horror (D:10)
  3 trolls
  2 hornets (D:9)
  Sigmund (D:6)
  8 yaks
  A shadow (D:9)
  Eustachio (D:6)
  A neqoxec (Abyss:1)
  A steam dragon (D:6)
  2 water moccasins
  A sky beast (D:7)
  3 orc warriors
  4 ice beasts
  2 black bears
  8 ogres (D:7)
  3 bullfrogs
  2 kobold brigands (D:9)
  3 gnoll sergeants
  4 scorpions
  15 wights
  10 killer bees
  11 howler monkeys
  2 bombardier beetles
  8 hounds
  An iron imp (Abyss:1)
  9 orc priests
  A jelly (D:5)
  4 gnoll boudas (D:7)
  2 sleepcaps
  5 iguanas
  16 orc wizards
  5 adders
  15 gnolls
  2 white imps (D:8)
  4 ufetubi (D:6)
  A ribbon worm (D:3)
  A dart slug (D:1)
  28 orcs
  13 bats
  4 endoplasms
  A giant cockroach (D:1)
  8 goblins
  5 hobgoblins
  4 jackals (D:3)
  23 kobolds
  5 quokkas
  11 ball pythons
  3 frilled lizards (D:3)
  5 rats
281 creatures vanquished.

Vanquished Creatures (collateral kills)
  An orange demon (Abyss:1)
1 creature vanquished.

Vanquished Creatures (others)
  An orc wizard (D:7)
  2 orcs (D:8)
3 creatures vanquished.

Grand Total: 285 creatures vanquished

Notes
Turn   | Place    | Note
-------+----------+-------------------------------------------
     0 | D:1      | Asceticacid the Gnoll Berserker began the quest for the
                  | Orb.
     0 | D:1      | Reached XP level 1. HP: 23/23 MP: 1/1
    55 | D:1      | Found Bemididd's Magic Scroll Emporium.
   271 | D:1      | Reached XP level 2. HP: 29/29 MP: 2/2
   538 | D:1      | Reached XP level 3. HP: 35/35 MP: 3/3
   911 | D:2      | Reached ** piety under Trog
   912 | D:2      | Reached skill level 1 in Invocations
  1019 | D:2      | Found a faded altar of an unknown god.
  1402 | D:3      | Reached skill level 1 in Short Blades
  1402 | D:3      | Reached skill level 1 in Long Blades
  1402 | D:3      | Reached skill level 1 in Axes
  1402 | D:3      | Reached skill level 1 in Polearms
  1402 | D:3      | Reached skill level 1 in Staves
  1402 | D:3      | Reached skill level 1 in Ranged Weapons
  1402 | D:3      | Reached skill level 1 in Throwing
  1402 | D:3      | Reached skill level 1 in Stealth
  1402 | D:3      | Reached skill level 1 in Shields
  1402 | D:3      | Reached skill level 1 in Unarmed Combat
  1402 | D:3      | Reached skill level 1 in Spellcasting
  1402 | D:3      | Reached skill level 1 in Evocations
  1451 | D:3      | Reached skill level 1 in Shapeshifting
  1451 | D:3      | Reached XP level 4. HP: 39/41 MP: 5/5
  1661 | D:3      | Reached skill level 1 in Conjurations
  1661 | D:3      | Reached skill level 1 in Hexes
  1661 | D:3      | Reached skill level 1 in Summonings
  1661 | D:3      | Reached skill level 1 in Necromancy
  1661 | D:3      | Reached skill level 1 in Translocations
  1661 | D:3      | Reached skill level 1 in Fire Magic
  1661 | D:3      | Reached skill level 1 in Ice Magic
  1661 | D:3      | Reached skill level 1 in Air Magic
  1661 | D:3      | Reached skill level 1 in Earth Magic
  1661 | D:3      | Reached skill level 1 in Alchemy
  2154 | D:4      | Reached XP level 5. HP: 47/47 MP: 7/7
  2841 | D:4      | Found a staircase to the Ecumenical Temple.
  2961 | D:4      | Noticed an ice beast
  2962 | D:4      | Noticed an ice beast
  2968 | D:4      | Killed an ice beast
  2969 | D:4      | Reached skill level 5 in Armour
  2969 | D:4      | Reached skill level 5 in Dodging
  2969 | D:4      | Reached XP level 6. HP: 53/53 MP: 7/9
  2973 | D:4      | Killed an ice beast
  3059 | D:5      | Entered Level 5 of the Dungeon
  3148 | D:5      | Reached XP level 7. HP: 60/60 MP: 10/10
  3692 | D:5      | Reached XP level 8. HP: 66/67 MP: 12/12
  3722 | D:5      | Found a runed translucent gate.
  3722 | D:5      | Found a runed translucent gate.
  3722 | D:5      | Found a runed translucent gate.
  3724 | D:5      | Found an opulent altar of Gozag.
  3726 | D:5      | Noticed Biggs's ghost (amateur TrFi)
  4475 | D:6      | Found a burning altar of Makhleb.
  4807 | D:6      | Noticed Eustachio
  4874 | D:6      | Killed Eustachio
  4947 | D:6      | Noticed Sigmund
  4960 | D:6      | Killed Sigmund
  4961 | D:6      | Reached XP level 9. HP: 50/74 MP: 13/15
  5743 | D:7      | Reached skill level 5 in Invocations
  5754 | D:7      | Noticed a kobold demonologist
  5755 | D:7      | Noticed a soul eater
  5767 | D:7      | Killed a kobold demonologist
  6401 | D:7      | Reached skill level 5 in Short Blades
  6401 | D:7      | Reached skill level 5 in Long Blades
  6401 | D:7      | Reached skill level 5 in Axes
  6401 | D:7      | Reached skill level 5 in Polearms
  6401 | D:7      | Reached skill level 5 in Staves
  6401 | D:7      | Reached skill level 5 in Ranged Weapons
  6401 | D:7      | Reached skill level 5 in Throwing
  6401 | D:7      | Reached skill level 5 in Stealth
  6401 | D:7      | Reached skill level 5 in Shields
  6401 | D:7      | Reached skill level 5 in Unarmed Combat
  6401 | D:7      | Reached skill level 5 in Spellcasting
  6401 | D:7      | Reached skill level 5 in Evocations
  6401 | D:7      | Reached XP level 10. HP: 81/81 MP: 17/17
  7048 | D:7      | Found Riynaotuupt's Lightly-Used Armoury.
  7077 | D:7      | Bought a -2 hand cannon for 1 gold piece
  7084 | D:7      | Found a hide-covered altar of Uskayaw.
  7097 | D:7      | Noticed a +0 hand axe
  7097 | D:7      | Noticed a +0 dagger
  7607 | D:7      | Reached *** piety under Trog
  7709 | D:7      | Reached skill level 5 in Shapeshifting
  8056 | D:7      | Noticed a manticore
  8073 | D:7      | Killed a manticore
  9222 | D:8      | Found a bloodstained altar of Trog.
  9283 | D:8      | Reached skill level 5 in Conjurations
  9283 | D:8      | Reached skill level 5 in Hexes
  9283 | D:8      | Reached skill level 5 in Summonings
  9283 | D:8      | Reached skill level 5 in Necromancy
  9283 | D:8      | Reached skill level 5 in Translocations
  9283 | D:8      | Reached skill level 5 in Fire Magic
  9283 | D:8      | Reached skill level 5 in Ice Magic
  9283 | D:8      | Reached skill level 5 in Air Magic
  9283 | D:8      | Reached skill level 5 in Earth Magic
  9283 | D:8      | Reached skill level 5 in Alchemy
  9290 | D:8      | Reached XP level 11. HP: 88/88 MP: 20/20
  9508 | D:8      | Found an ancient bone altar of Kikubaaqudgha.
  9556 | D:8      | Reached **** piety under Trog
  9994 | D:9      | Found a staircase to the Orcish Mines.
 10012 | D:9      | Noticed a two-headed ogre
 10019 | D:9      | Killed a two-headed ogre
 10154 | D:9      | Found Fez Gine's Changing Room.
 10188 | D:9      | Bought a potion of mutation for 88 gold pieces
 10192 | D:9      | Gained mutation: You sometimes lose your temper in combat.
                  | [potion of mutation]
 10446 | D:9      | Noticed a two-headed ogre
 10582 | D:9      | Killed a two-headed ogre
 10656 | D:9      | Found an iron altar of Okawaru.
 10696 | D:9      | Found a basalt altar of Yredelemnul.
 10748 | D:9      | Paralysed by a hornet for 3 turns
 10750 | D:9      | HP: 4/89 [shadow (4)]
 10934 | D:9      | Found a sacrificial altar of Ru.
 11080 | D:9      | Found a staircase to the Lair.
 11342 | D:10     | Entered Level 10 of the Dungeon
 11675 | D:10     | Found a broken altar of Ashenzari.
 12702 | D:10     | Noticed a two-headed ogre
 12717 | D:10     | Killed a two-headed ogre
 12895 | D:11     | Noticed Erolcha
 13065 | D:11     | Noticed Urug
 13096 | D:11     | Killed Urug
 13100 | Abyss:1  | Cast into level 1 of the Abyss (Erolcha)
 13116 | Abyss:1  | Noticed a worldbinder
 13118 | Abyss:1  | Noticed a bog body
 13118 | Abyss:1  | Noticed a bog body
 13119 | Abyss:1  | Noticed a bog body
 13122 | Abyss:1  | Noticed a bog body
 13126 | Abyss:1  | Noticed a goliath frog
 13327 | Abyss:1  | HP: 6/135 [caustic shrike zombie (7)]
 13351 | Abyss:1  | Noticed a starcursed mass
 13364 | Abyss:1  | HP: 4/90 [starcursed mass/accursed screaming (9)]
 13366 | Abyss:1  | HP: 1/90 [caustic shrike zombie (6)]
 13375 | Abyss:1  | HP: 3/90 [caustic shrike zombie (19)]
 13375 | Abyss:1  | Slain by an ancient zyme

Illustrated notes

Levels and vault maps discovered:
D:1:      ncdulo_watergridlock, layout_loops_ring, serial_shops, shop,
          minmay_ruptured
D:2:      layout_rooms, hellmonk_ecumenical_altar_arch_garden
D:3:      layout_basic
D:4:      layout_gridville, minmay_temple_entry_mist,
          hangedman_abyss_or_decor_jellyfish_corner, chequers_arboretum,
          dreamdust_princess_corridor
D:5:      layout_cave_pools, serial_column_ruins, column_ruins_grid_5,
          column_ruins_hut_water, column_ruins_open_small, column_ruins_grid_3,
          column_ruins_corridor_straight, column_ruins_open_tiny,
          column_ruins_open_medium, ebering_ghost_gozag, minivault_24,
          dk_noncrumbling_4
D:6:      layout_basic, bloody_makhleb, grunt_ministairs_9, uniq_eustachio,
          uniq_sigmund
D:7:      lemuel_castle_with_subvaults [lemuel_castle_interior_original],
          layout_loops_corners, dancing_weapons_uskayaw, roderic_batcave,
          minmay_shop_damaged
D:8:      layout_rooms, old_standard_altar, trog_hazing_becter
D:9:      layout_irregular_city, jmf_multi_god_temple, lair_entry_dummy,
          orc_0_dummy, nicolae_transmutations_shop, kennysheep_small_circle
D:10:     layout_loops_ring, nicolae_ashenzari_panopticon
D:11:     layout_basic, uniq_erolcha, uniq_erica, uniq_urug
Abyss:1:  base: D:5, evilmike_abyss_exit_9

Skill      XL: |  1  2  3  4  5  6  7  8  9 10 11 |
---------------+----------------------------------+-----
Invocations    | 1 2 3 4 5 6 7 |  7.7
Short Blades   | 1 2 3 4 5 6 7 |  7.0
Long Blades    | 1 2 3 4 5 6 7 |  7.0
Axes           | 1 2 3 4 5 6 7 |  7.0
Polearms       | 1 2 3 4 5 6 7 |  7.0
Staves         | 1 2 3 4 5 6 7 |  7.0
Ranged Weapons | 1 2 3 4 5 6 7 |  7.0
Throwing       | 1 2 3 4 5 6 7 |  7.0
Stealth        | 1 2 3 4 5 6 7 |  7.0
Shields        | 1 2 3 4 5 6 7 |  7.0
Unarmed Combat | 1 2 3 4 5 6 7 |  7.0
Spellcasting   | 1 2 3 4 5 6 7 |  7.0
Evocations     | 1 2 3 4 5 6 7 |  7.0
Shapeshifting  | 1 2 3 4 5 6 |  6.4
Conjurations   | 1 2 3 4 5 |  5.8
Hexes          | 1 2 3 4 5 |  5.8
Summonings     | 1 2 3 4 5 |  5.8
Necromancy     | 1 2 3 4 5 |  5.8
Translocations | 1 2 3 4 5 |  5.8
Fire Magic     | 1 2 3 4 5 |  5.8
Ice Magic      | 1 2 3 4 5 |  5.8
Air Magic      | 1 2 3 4 5 |  5.8
Earth Magic    | 1 2 3 4 5 |  5.8
Alchemy        | 1 2 3 4 5 |  5.8
Armour         | 5 6 7 8 |  8.5
Dodging        | 5 6 7 8 |  8.5
Fighting       | 7 8 9 |  9.7
Maces & Flails | 7 8 9 |  9.7

Action                     |  1- 3 |  4- 6 |  7- 9 | 10-12 || total
---------------------------+-------+-------+-------+-------++-------
  Melee: Mace              |   112 |   118 |    99 |       ||   329
         Bite              |     4 |    11 |    59 |   111 ||   185
         Punch             |     2 |     2 |    29 |    19 ||    52
         Short sword       |       |       |   231 |   697 ||   928
         Hand axe          |       |       |       |    63 ||    63
   Fire: Hand cannon       |       |       |       |     2 ||     2
  Throw: Dart              |       |       |       |    22 ||    22
 Invoke: Berserk           |     1 |     4 |    11 |    22 ||    38
         Trog's Hand       |       |     2 |     7 |    13 ||    22
  Evoke: Wand              |       |       |       |     8 ||     8
    Use: Scroll            |       |       |     8 |    12 ||    20
         Potion            |       |       |       |     7 ||     7
 Armour: Animal skin       |     8 |       |       |       ||     8
         Plate armour      |   102 |   102 |   360 |   588 ||  1152
  Dodge: Dodged            |    40 |    30 |   124 |   222 ||   416
  Block: Buckler           |       |       |       |   173 ||   173

Table legend: (Time is in decaauts)
 A = Elapsed time spent in this place.
 B = Non-inter-level travel time spent in this place.
 C = Inter-level travel time spent in this place.
 D = Time resting spent in this place.
 E = Time spent auto-exploring this place.
 F = Levels seen in this place.
 G = Mean time per level.
                   A        B        C        D        E       F      G
               +--------+--------+--------+--------+--------+-----+--------+
         Total |  13579 |  13041 |    538 |   2894 |   6877 |  12 | 1131.6 |
       Dungeon |  13301 |  12763 |    538 |   2766 |   6877 |  11 | 1209.2 |
         Abyss |    277 |    277 |      0 |    128 |      0 |   1 |  277.0 |
               +--------+--------+--------+--------+--------+-----+--------+

Top non-repeatable levels by time:
     D:7: 2985 daAuts
    D:10: 1553 daAuts
     D:9: 1442 daAuts
     D:8: 1441 daAuts
     D:6: 1413 daAuts
     D:4: 1156 daAuts
     D:1: 961 daAuts
     D:5: 935 daAuts
     D:3: 677 daAuts
     D:2: 519 daAuts
 Abyss:1: 277 daAuts
    D:11: 214 daAuts
